 Dungeon Crawl Stone Soup version 0.22-a0-445-g8c8ef71062 (webtiles) character file.

2074 Ordine the Destroyer (level 9, 0/45 HPs)
             Began as a Deep Elf Conjurer on June 2, 2018.
             Was a Follower of Vehumet.
             Hit by a large rock thrown by a cyclops (25 damage)
             ... on level 7 of the Dungeon.
             The game lasted 00:26:58 (6639 turns).

Ordine the Destroyer (Deep Elf Conjurer)            Turns: 6639, Time: 00:26:59

Health: 0/45       AC:  7    Str:  5    XL:     9   Next: 6%
Magic:  11/23      EV: 12    Int: 24    God:    Vehumet [*.....]
Gold:   277        SH:  0    Dex: 15    Spells: 17/24 levels left

rFire    + . .     SeeInvis .   i - +2 hand axe (vamp)
rCold    . . .     Gourm    .   (no shield)
rNeg     + . .     Faith    .   t - +1 leather armour {rF+}
rPois    .         Spirit   .   s - +1 helmet
rElec    .         Reflect  .   (no cloak)
rCorr    .         Harm     .   (no gloves)
MR       .....                  m - +0 pair of boots
Stlth    ++........             (no amulet)
HPRegen  0.15/turn              h - +4 ring of slaying
MPRegen  0.18/turn              r - ring of positive energy

@: no status effects
A: no striking features
a: Renounce Religion


You were on level 7 of the Dungeon.
You worshipped Vehumet.
Vehumet was aware of your devotion.
You were not hungry.

You visited 2 branches of the dungeon, and saw 8 of its levels.

You collected 277 gold pieces.

Inventory:

Hand Weapons
 i - a +2 vampiric hand axe (weapon)
 k - a +0 dagger of speed
 u - a +0 dagger of flaming
Armour
 a - a +0 robe
 m - a +0 pair of boots (worn)
 s - a +1 helmet (worn)
 t - a +1 leather armour of fire resistance (worn)
Magical Staves
 b - an uncursed staff of death
Jewellery
 h - a +4 ring of slaying (left hand)
 j - an uncursed ring of fire
 r - a ring of positive energy (right hand)
Wands
 n - a wand of polymorph (13)
 q - a wand of digging (9)
Scrolls
 f - a scroll of teleportation
 g - 2 scrolls of remove curse
 l - a scroll of immolation
 p - 3 scrolls of enchant armour
Potions
 d - 2 potions of agility
 e - 2 potions of might
 o - 2 potions of ambrosia {unknown}
 v - a potion of invisibility
Comestibles
 c - 16 rations
 w - 3 chunks of flesh


   Skills:
 + Level 3.9 Short Blades
 - Level 3.0 Dodging
 - Level 3.0 Stealth
 + Level 8.0 Spellcasting
 * Level 9.8 Conjurations
 - Level 5.0 Translocations


You had 17 spell levels left.
You knew the following spells:

 Your Spells              Type           Power        Failure   Level  Hunger
a - Magic Dart            Conj           ####         1%          1    None
b - Searing Ray           Conj           ######       1%          2    None
c - Force Lance           Conj/Tloc      #####...     4%          4    ##.....

Your spell library contained the following spells:

 Spells                   Type           Power        Failure   Level  Hunger
 Confuse                  Hex            #.......     32%         3    None
 Iskenderun's Mystic Bla  Conj           ######..     1%          4    ##.....
 Confusing Touch          Hex            #.....       11%         1    None
 Metabolic Englaciation   Hex/Ice        #.........   96%         5    #####..
 Petrify                  Tmut/Erth      #.......     71%         4    ##.....
 Fulminant Prism          Conj/Hex       ####......   14%         4    ##.....
 Dazzling Spray           Conj/Hex       ####..       4%          3    None
 Gell's Gravitas          Tloc           ####......   4%          3    None
 Yara's Violent Unravell  Hex/Tmut       #.........   96%         5    #####..


Dungeon Overview and Level Annotations

Branches:
Dungeon (7/15)             Temple (1/1) D:4

Altars:
Ashenzari
Cheibriados
Dithmenos
Elyvilon
Fedhas
Gozag
Hepliaklqana
Kikubaaqudgha
Makhleb
Nemelex Xobeh
Okawaru
Qazlal
Ru
Sif Muna
Trog
Uskayaw
Vehumet
Wu Jian
Xom
Yredelemnul
Zin


Message History

The bullfrog is severely wounded.
The bullfrog hits you. The bullfrog closely misses you.
The searing ray hits the bullfrog.
You kill the bullfrog!
Vehumet accepts your kill.
Your Spellcasting skill increases to level 8!
The searing ray hits the cyclops.
The cyclops is heavily wounded.
You finish channeling your searing ray.
The cyclops throws a large rock.
The large rock hits you!
Casting: Searing Ray (safe; 1% risk of failure)
Confirm with . or Enter, or press ? or * to list all spells.
Aiming: Force Lance (safe; 4% risk of failure)
Press: ? - help, Shift-Dir - straight line, f/p - cyclops
Aim: a cyclops (heavily wounded)
The lance of force hits the cyclops.
The cyclops is almost dead.
The cyclops throws a large rock.
The large rock hits you!!
Ouch! That really hurt!
You die...

####+###### ...........
#########...♣..P..P.
#.......#...≈≈≈≈≈.≈≈
#.#.#.#.#.♣≈≈.≈≈P≈≈.
.......C(@.≈≈.≈≈≈≈♣≈5
##########P≈≈≈≈≈≈≈≈.≈♣####
........P≈≈≈≈.≈.≈ .....
#.........P≈≈♣≈.≈≈ #....
#........#..P..♣.. #....
#.......##........ #....
#.......##........ #....
.........'........ #....
.........#........ #....


You could see a cyclops.

Vanquished Creatures
  Grinder (D:6)
  Sigmund (D:4)
  An ice beast (D:5)
  A sky beast (D:5)
  A necrophage (D:6)
  A centaur (D:5)
  3 ogres
  2 bullfrogs (D:7)
  A scorpion (D:6)
  5 killer bees (D:7)
  4 wights
  A crimson imp (D:7)
  A quasit (D:7)
  2 orc priests (D:3)
  A hound (D:6)
  3 orc wizards
  3 worker ants
  Ijyb (D:5)
  2 hound skeletons (D:4)
  8 adders
  2 shadow imps
  An adder skeleton (D:6)
  2 worms
  5 dart slugs
  6 leopard geckos
  13 orcs
  6 giant cockroaches
  6 goblins
  8 hobgoblins
  7 jackals
  7 kobolds
  7 bats
  5 frilled lizards
  A leopard gecko skeleton (D:7)
  A quokka skeleton (D:4)
  7 rats
127 creatures vanquished.

Notes
Turn   | Place    | Note
-------+----------+-------------------------------------------
     0 | D:1      | Ordine the Deep Elf Conjurer began the quest for the Orb.
     0 | D:1      | Reached XP level 1. HP: 10/10 MP: 6/6
   125 | D:1      | You fall through a shaft!
   277 | D:1      | Reached XP level 2. HP: 15/15 MP: 0/8
   483 | D:1      | Learned a level 2 spell: Searing Ray
   843 | D:2      | Reached XP level 3. HP: 19/19 MP: 4/9
   904 | D:2      | Reached skill level 5 in Conjurations
  1015 | D:2      | Found a faded altar of an unknown god.
  1615 | D:3      | Reached XP level 4. HP: 24/24 MP: 6/11
  1621 | D:3      | Learned a level 4 spell: Force Lance
  1710 | D:3      | Found a shimmering altar of Xom.
  1714 | D:3      | Found a shimmering altar of Xom.
  1714 | D:3      | Found a shimmering altar of Xom.
  1729 | D:3      | Found a shimmering altar of Xom.
  1729 | D:3      | Found a shimmering altar of Xom.
  1741 | D:3      | Found a shimmering altar of Xom.
  1741 | D:3      | Found a shimmering altar of Xom.
  1928 | D:3      | Reached skill level 1 in Translocations
  2170 | D:3      | Reached XP level 5. HP: 28/28 MP: 10/13
  2497 | D:3      | Reached skill level 6 in Conjurations
  2831 | D:4      | Found a shattered altar of Ashenzari.
  2862 | D:4      | Noticed an ogre
  2866 | D:4      | Killed an ogre
  2866 | D:4      | Reached skill level 5 in Spellcasting
  2866 | D:4      | Reached XP level 6. HP: 3/32 MP: 10/15
  3161 | D:4      | Found a staircase to the Ecumenical Temple.
  3167 | Temple   | Entered the Ecumenical Temple
  3339 | Temple   | Became a worshipper of Vehumet
  3362 | D:4      | Noticed Sigmund
  3382 | D:4      | Killed Sigmund
  3382 | D:4      | Reached skill level 7 in Conjurations
  3604 | D:4      | Reached XP level 7. HP: 18/36 MP: 9/17
  4380 | D:5      | Entered Level 5 of the Dungeon
  4582 | D:5      | Reached skill level 1 in Short Blades
  4622 | D:5      | Noticed Ijyb
  4629 | D:5      | Killed Ijyb
  4720 | D:5      | Found a hide-covered altar of Uskayaw.
  4902 | D:5      | Found an ornate altar of the Wu Jian Council.
  4925 | D:5      | Reached skill level 8 in Conjurations
  4925 | D:5      | Reached XP level 8. HP: 41/41 MP: 14/19
  5244 | D:6      | Reached skill level 5 in Translocations
  5375 | D:6      | Reached * piety under Vehumet
  5375 | D:6      | Offered knowledge of Sting by Vehumet.
  5500 | D:6      | Noticed Grinder
  5540 | D:6      | Killed Grinder
  5978 | D:6      | Reached skill level 9 in Conjurations
  6551 | D:7      | Found a white marble altar of Elyvilon.
  6567 | D:7      | Reached XP level 9. HP: 45/45 MP: 17/22
  6627 | D:7      | Noticed a cyclops
  6639 | D:7      | Hit by a large rock thrown by a cyclops

Vault maps used:
D:1:      erik_arrival_blinker_ship, minmay_misc_feat_roman
D:2:      chequers_ecumenical_altar_simple, grunt_ministairs_14
D:3:      nicolae_xom_altar_mimics
D:4:      lemuel_crystal_altar, minmay_temple_entry_butterflies, uniq_sigmund
D:5:      lemuel_doored_altar, old_standard_altar, first_ration, uniq_ijyb
D:6:      uniq_grinder
D:7:      elyvilon_altar_5, serial_bayou_pond_b, grunt_livestock,
          hangedman_minor_gate_pass, uniq_joseph, uniq_menkaure,
          uniq_crazy_yiuf_cottage
Temple:   bh_familiar_temple

Skill      XL: |  1  2  3  4  5  6  7  8  9 |
---------------+----------------------------+-----
Stealth        | 3 |  3.0
Dodging        | 3 |  3.0
Conjurations   | 5 6 7 8 9 |  9.8
Spellcasting   | 4 5 6 7 8 |  8.0
Translocations | 1 2 3 4 5 |  5.0
Short Blades   | 1 3 |  3.9

Action                   |  1- 3 |  4- 6 |  7- 9 || total
-------------------------+-------+-------+-------++-------
Melee: Hand axe          |     7 |     5 |     8 ||    20
 Cast: Magic Dart        |    72 |    61 |    79 ||   212
       Searing Ray       |       |    11 |    31 ||    42
       Force Lance       |       |       |     1 ||     1
  Use: Scroll            |     8 |     1 |     3 ||    12
       Potion            |       |     1 |       ||     1
 Stab: Sleeping          |     2 |       |       ||     2
  Eat: Ration            |     2 |       |       ||     2
       Chunk             |       |     6 |     9 ||    15
Armor: Robe              |     1 |     6 |     7 ||    14
       Leather armour    |       |       |    10 ||    10
Dodge: Dodged            |     9 |    17 |    42 ||    68

Table legend:
 A = Spawn XP
 B = Non-spawn XP
 C = Spawn XP percentage of total XP
 D = Spawn monster count
 E = Non-spawn monster count
 F = Spawn count percentage of total count
 G = Total turns spent on level
                    A         B        C        D         E        F      G
               +---------+---------+-------+---------+---------+-------+---------
         Total |       0 |    2963 |   0.0 |       0 |     127 |   0.0 |  6639
               +---------+---------+-------+---------+---------+-------+---------
           D:1 |       0 |      27 |   0.0 |       0 |      15 |   0.0 |   697
           D:2 |       0 |      61 |   0.0 |       0 |      19 |   0.0 |   899
           D:3 |       0 |     196 |   0.0 |       0 |      35 |   0.0 |  1082
           D:4 |       0 |     615 |   0.0 |       0 |      17 |   0.0 |  1517
           D:5 |       0 |     571 |   0.0 |       0 |      12 |   0.0 |   790
           D:6 |       0 |     794 |   0.0 |       0 |      15 |   0.0 |  1053
           D:7 |       0 |     699 |   0.0 |       0 |      14 |   0.0 |   416
               +---------+---------+-------+---------+---------+-------+---------
